 Dungeon Crawl Stone Soup version 0.29.1-1-gd02db6906a (webtiles) character file.

Game seed: 8638208167527989364

3087 funnyparkerb the Cutter (level 9, -1/48 HPs)
             Began as a Vine Stalker Brigand on Sept 30, 2022.
             Was a Follower of Uskayaw.
             Succumbed to a kobold brigand's curare-tipped dart
             ... on level 8 of the Dungeon on Oct 5, 2022.
             The game lasted 00:14:41 (8002 turns).

funnyparkerb the Cutter (Vine Stalker Brigand)      Turns: 8002, Time: 00:14:41

Health: -1/48      AC: 12    Str: 13    XL:     9   Next: 89%
Magic:  13/22      EV: 12    Int: 11    God:    Uskayaw [*.....]
Gold:   334        SH:  5    Dex: 21    Spells: 8/8 levels left

rFire   . . .      SeeInvis .   D - +4 dagger
rCold   . . .      Faith    .   (no shield)
rNeg    . . .      Spirit   +   B - +0 scale mail
rPois   .          Reflect  +   m - +0 helmet
rElec   .          Harm     .   c - +0 cloak
rCorr   .          Rampage  .   (no gloves)
Will    +....                   (no boots)
Stlth   ++........              k - amulet of reflection
HPRegen 0.96/turn               H - +4 ring of protection
MPRegen 0.18/turn               L - ring of magical power

@: lethally poisoned (-1 -> -8), slowed, very slow
A: fangs 3, regeneration 1, magic shield, antimagic bite, no potion heal 2
a: Renounce Religion, Stomp


You were on level 8 of the Dungeon.
You worshipped Uskayaw.
Uskayaw was noncommittal.
You visited 2 branches of the dungeon, and saw 9 of its levels.
You also visited: Sewer.

You collected 439 gold pieces.
You spent 105 gold pieces at shops.

Inventory:

Hand Weapons
 a - a +2 dagger
 C - a +2 vampiric dagger
 D - a +4 dagger (weapon)
Missiles
 d - 63 poisoned darts (quivered)
 e - 5 curare-tipped darts
 w - 6 boomerangs
 J - 9 javelins
Armour
 c - a +0 cloak (worn)
 m - a +0 helmet (worn)
 B - a +0 scale mail (worn)
Jewellery
 k - an amulet of reflection (around neck)
 H - a +4 ring of protection (left hand)
 L - a ring of magical power (right hand)
Wands
 z - a wand of polymorph (14)
 K - a wand of mindburst (18)
Scrolls
 b - 8 scrolls of identify {unknown}
 h - 2 scrolls of enchant armour {unknown}
 i - a scroll of blinking
 o - 3 scrolls of immolation {unknown}
 q - a scroll of acquirement {unknown}
 r - 6 scrolls of teleportation
 s - 3 scrolls of magic mapping {unknown}
 u - a scroll of vulnerability {unknown}
 x - 2 scrolls of butterflies {unknown}
 y - a scroll of noise {unknown}
 A - a scroll of enchant weapon {unknown}
 G - a scroll of poison {unknown}
 M - a scroll of fear {unknown}
Potions
 f - 4 potions of attraction {unknown}
 g - 2 potions of ambrosia {unknown}
 j - 4 potions of mutation {unknown}
 l - a potion of heal wounds {unknown}
 n - 6 potions of degeneration {unknown}
 p - 2 potions of might
 t - a potion of curing
 v - 4 potions of haste {unknown}
 E - 2 potions of brilliance {unknown}
 F - a potion of invisibility {unknown}
 I - a potion of flight {unknown}


   Skills:
 + Level 5.8 Fighting
 + Level 7.6 Short Blades
 - Level 1.7 Throwing
 - Level 2.0 Armour
 + Level 6.0 Dodging
 - Level 4.8 Stealth
 * Level 4.2 Invocations


You had 8 spell levels left.
You didn't know any spells.
Your spell library contained the following spells:

 Spells                   Type           Power      Damage    Failure   Level
 Apportation              Tloc           0%         N/A       86%         1
 Beastly Appendage        Tmut           0%         N/A       86%         1
 Sandblast                Erth           0%         2d4       86%         1
 Passwall                 Tmut/Erth      0%         N/A       94%         2
 Wereblood                Tmut           0%         N/A       94%         2
 Portal Projectile        Hex/Tloc       0%         N/A       99%         3
 Spider Form              Tmut/Pois      0%         N/A       99%         3
 Stone Arrow              Conj/Erth      0%         3d7       99%         3
 Tukima's Dance           Hex            0%         N/A       99%         3
 Alistair's Intoxication  Tmut/Pois      0%         N/A       100%        5
 Blade Hands              Tmut           0%         N/A       100%        5


Dungeon Overview and Level Annotations

Branches:
Dungeon (8/15)             Temple (1/1) D:5           Sewer (visited)
   Lair: D:8-11

Altars:
Ashenzari
Cheibriados
Dithmenos
Elyvilon
Fedhas
Gozag
Hepliaklqana
Kikubaaqudgha
Makhleb
Nemelex Xobeh
Okawaru
Qazlal
Ru
Sif Muna
Trog
Uskayaw
Vehumet
Wu Jian
Xom
Yredelemnul
Zin
The Shining One

Shops:
D:3 ?   D:8 ([*[


Innate Abilities, Weirdness & Mutations

You have razor-sharp teeth.
Your natural rate of healing is unusually fast.
When hurt, damage is shared between your health and your magic reserves.
Your bite disrupts and absorbs the magic of your enemies.
Potions cannot restore your health.


Message History

You are poisoned.
You have difficulty breathing.
You feel yourself slow down.
You feel very sick.
The kobold brigand throws a curare-tipped dart.
The curare-tipped dart hits you.
You are more poisoned.
You have difficulty breathing.
You feel as though you will be slow longer.
A kobold comes into view.
It is wielding a +0 short sword of venom.
You feel very sick.
You feel very sick.
You feel sick.
The kobold brigand throws a curare-tipped dart.
You reflect the curare-tipped dart off an invisible shield around you!
The curare-tipped dart barely misses the kobold brigand.
The kobold brigand throws a curare-tipped dart.
The curare-tipped dart hits you.
You are more poisoned.
You have difficulty breathing.
You feel as though you will be slow longer.
You feel extremely sick.
The kobold brigand throws a curare-tipped dart.
You reflect the curare-tipped dart off an invisible shield around you!
The curare-tipped dart hits the kobold brigand.
The kobold brigand is poisoned.
The kobold brigand convulses.
The kobold brigand seems to slow down.
You feel very sick.
You feel very sick.
You feel very sick.
The kobold brigand throws a curare-tipped dart.
The curare-tipped dart closely misses you.
The kobold brigand throws a curare-tipped dart.
The curare-tipped dart hits you.
You are lethally poisoned!
You have difficulty breathing.
* * * LOW HITPOINT WARNING * * *
You feel as though you will be slow longer.
* * * LOW HITPOINT WARNING * * *
You feel very sick.
You die...

#.######.....K#K#
...# #......#.#
...######.###...##
##...#....# ##...#
####.#.#### ##..##
# #...# ##..#
......## #..# .
......# #..##....
......# #@.......
####### #.##.....
#.. #.... ##..
###+ .### .... # #
## ### # . #.. #.#
#.# #.#.# #.#


There were no monsters in sight!

Vanquished Creatures
  5 water moccasins
  An orc warrior (D:7)
  A sky beast (D:6)
  2 ice beasts (D:7)
  An ogre (D:7)
  2 phantoms
  5 kobold brigands
  2 necrophages
  3 scorpions
  5 killer bees (D:6)
  4 howler monkeys
  A jelly (D:7)
  3 hounds
  2 orc priests (D:5)
  12 iguanas
  5 orc wizards
  6 adders
  3 gnolls
  2 river rats (Sewer)
  A shadow imp (D:8)
  A white imp (D:6)
  3 ufetubi
  5 worms
  3 dart slugs
  19 orcs
  6 bats
  9 endoplasms
  4 giant cockroaches
  10 goblins
  6 hobgoblins
  5 quokkas
  10 ball pythons
  3 frilled lizards
  37 kobolds
  11 rats
198 creatures vanquished.

Vanquished Creatures (others)
  A water moccasin (D:5)
  2 orc wizards
  2 kobolds (D:5)
  4 fungi (D:7)
  67 plants
76 creatures vanquished.

Grand Total: 274 creatures vanquished

Notes
Turn   | Place    | Note
-------+----------+-------------------------------------------
     0 | D:1      | funnyparkerb the Vine Stalker Brigand began the quest for
                  | the Orb.
     0 | D:1      | Reached XP level 1. HP: 11/11 MP: 2/2
    56 | D:1      | Found a faded altar of an unknown god.
    68 | D:1      | Reached skill level 2 in Short Blades
   449 | D:1      | Reached XP level 2. HP: 12/15 MP: 3/3
  1166 | D:1      | Reached XP level 3. HP: 14/19 MP: 4/4
  2161 | D:3      | Noticed a water moccasin
  2204 | D:3      | Gained mutation: Your natural rate of healing is unusually
                  | fast. [Vine Stalker growth]
  2204 | D:3      | Reached XP level 4. HP: 23/23 MP: 5/5
  2208 | D:3      | Reached skill level 3 in Short Blades
  2395 | D:3      | Found Irphufir's Magic Scroll Boutique.
  2402 | D:3      | Bought a scroll of blinking for 75 gold pieces
  2402 | D:3      | Bought a scroll of teleportation for 30 gold pieces
  2904 | D:4      | Found a glowing silver altar of Zin.
  2938 | D:4      | Reached XP level 5. HP: 21/28 MP: 6/6
  3191 | D:4      | Reached skill level 4 in Short Blades
  3251 | D:4      | Found a radiant altar of Vehumet.
  3353 | D:5      | Entered Level 5 of the Dungeon
  3375 | D:5      | Reached XP level 6. HP: 32/33 MP: 7/7
  3404 | D:5      | Noticed a water moccasin
  3784 | D:5      | Killed a water moccasin
  3812 | D:5      | Reached XP level 7. HP: 27/38 MP: 8/8
  3893 | D:5      | Found a staircase to the Ecumenical Temple.
  3978 | Temple   | Entered the Ecumenical Temple
  4382 | D:5      | Reached skill level 5 in Fighting
  4382 | D:5      | Reached skill level 5 in Short Blades
  4443 | D:5      | Reached skill level 1 in Dodging
  4711 | D:5      | Reached skill level 1 in Armour
  5109 | D:5      | Gained mutation: You have razor-sharp teeth. [Vine Stalker
                  | growth]
  5109 | D:5      | Reached XP level 8. HP: 28/43 MP: 7/9
  5235 | D:6      | Reached skill level 6 in Short Blades
  5388 | D:6      | Found a glowing drain.
  5392 | Sewer    | Entered a sewer
  6053 | D:6      | Found a burning altar of Makhleb.
  6257 | D:6      | Found a hide-covered altar of Uskayaw.
  6257 | D:6      | Found a sacrificial altar of Ru.
  6261 | D:6      | Became a worshipper of Uskayaw the Reveller
  6437 | D:6      | Reached * piety under Uskayaw
  6441 | D:6      | Reached ** piety under Uskayaw
  6443 | D:6      | Reached skill level 7 in Short Blades
  6472 | D:6      | Reached *** piety under Uskayaw
  6473 | D:6      | Reached XP level 9. HP: 31/47 MP: 8/10
  6474 | D:6      | Reached skill level 5 in Dodging
  6474 | D:6      | Reached **** piety under Uskayaw
  6511 | D:6      | Reached skill level 1 in Invocations
  6584 | D:7      | Reached ***** piety under Uskayaw
  7052 | D:7      | Found a shimmering altar of Xom.
  7053 | D:7      | Found a hazy altar of Hepliaklqana.
  7053 | D:7      | Noticed a spectral ugly thing
  7054 | D:7      | Noticed a thorn hunter
  7054 | D:7      | Noticed a thorn hunter
  7151 | D:7      | Noticed a komodo dragon
  7400 | D:7      | Found a sparkling altar of Nemelex Xobeh.
  7607 | D:8      | Found Uczoozuiv's Armour Shoppe.
  7688 | D:8      | Found Gecrimij's General Store.
  7693 | D:8      | Found Qunoebij's Antique Armour Shoppe.
  7801 | D:8      | Found Gurgh's Antique Weapon Boutique.
  7828 | D:8      | Found a blossoming altar of Fedhas.
  7976 | D:8      | Noticed a kobold demonologist
  8001 | D:8      | HP: 2/48 [poisoned by a kobold brigand (curare-tipped
                  | dart)]
  8002 | D:8      | Succumbed to a kobold brigand's curare-tipped dart

Illustrated notes

Levels and vault maps discovered:
D:1:      amcnicky_arrival_wind_blow, layout_basic, basic_ecumenical_altar,
          minmay_statues_item, dreamdust_princess_corridor, minivault_19
D:2:      layout_rooms, minmay_misc_feat_doors, chequers_arboretum,
          grunt_ministairs_13
D:3:      layout_loops_cross, serial_shops, nicolae_shop_crystal
D:4:      layout_rooms, lemuel_tele_altar, kennysheep_mini
D:5:      kennysheep_kobold_camp, layout_loops_cross,
          minmay_temple_entry_proselytizer
D:6:      layout_basic, gammafunk_temple_overflow_wave,
          mainiacjoe_overflow_six_doors_small, gup_sewer_entry_bowl,
          nicolae_kite_square_tiling_tiny, uniq_crazy_yiuf_cottage
D:7:      layout_loops_cross, regret_index_temple_of_mockery,
          nemelex_dance_club_becter, dreamdust_mushroom_princess,
          minmay_lizard_king
D:8:      layout_basic, fedhas_altar_1, serial_shops, shop_fountains,
          nicolae_shop_hallway_stairs, nicolae_shop_behind_doors,
          nicolae_shop_statue_plus, shop, special_room [special_room_kobold]
Temple:   compressed_dpeg_triangle_lava_temple

Skill      XL: |  1  2  3  4  5  6  7  8  9 |
---------------+----------------------------+-----
Fighting       | 2 3 4 5 |  5.8
Short Blades   | 2 3 4 5 7 |  7.6
Dodging        | 2 4 6 |  6.0
Armour         | 1 2 |  2.0
Invocations    | 4 |  4.2
Throwing       | |  1.7
Stealth        | |  4.8

Action                   |  1- 3 |  4- 6 |  7- 9 || total
-------------------------+-------+-------+-------++-------
Melee: Dagger            |    96 |   165 |   581 ||   842
       Bite              |    20 |    59 |   195 ||   274
       Punch             |       |     1 |    15 ||    16
Invok: Line Pass         |       |       |     5 ||     5
  Use: Scroll            |       |     1 |     2 ||     3
 Stab: Sleeping          |     7 |     7 |     6 ||    20
       Distracted        |       |     1 |       ||     1
       Paralysed         |       |       |     7 ||     7
Armor: Robe              |     4 |       |       ||     4
       Leather armour    |    12 |     2 |       ||    14
       Ring mail         |       |    59 |       ||    59
       Scale mail        |       |       |   182 ||   182
Dodge: Dodged            |    35 |    47 |   212 ||   294
Block: Other             |    12 |    28 |   116 ||   156
       Reflection        |       |     2 |     5 ||     7
